 Dungeon Sprint DCSS version 0.19-a0-1922-g1e9a4c1 (webtiles) character file.

0 LORDOFBUTT the Shield-Bearer (level 3, -1/32 HPs)
             Began as a Formicid Fighter on Oct 24, 2016.
             Was an Initiate of Gozag.
             Slain by a scorpion (8 damage)
             ... in the Dungeon (Sprint VI: "Thunderdome").
             The game lasted 00:00:23 (51 turns).

LORDOFBUTT the Shield-Bearer (Formicid Fighter)       Turns: 51, Time: 00:00:25

Health: -1/32      AC:  7    Str: 20    XL:     3   Next: 20%
Magic:  3/3        EV:  8    Int:  7    God:    Gozag
Gold:   254        SH: 10    Dex: 11    Spells: 0 memorised, 2 levels left

rFire  . . .     SeeInvis +     a - +0 war axe
rCold  . . .     Gourm    .     b - +0 scale mail
rNeg   . . .     Faith    .     c - +0 shield
rPois  .         Spirit   .     (helmet unavailable)
rElec  .         Reflect  .     (no cloak)
rCorr  .         Harm     .     (no gloves)
MR     .....                    (no boots)
Stlth  ..........               (no amulet)
                                (no ring)
                                (no ring)

@: lethally poisoned (-1 -> -10)
A: permanent stasis, dig shafts and tunnels, four strong arms, antennae 3
a: Dig, Potion Petition, Call Merchant, Bribe Branch, Renounce Religion


You were in the Dungeon.
You worshipped Gozag.
Gozag was aware of your devotion.
You were not hungry.

You visited 1 branch You collected 254 gold pieces.

Inventory:

Hand Weapons
 a - a +0 war axe (weapon)
Armour
 b - a +0 scale mail (worn)
 c - a +0 shield (worn)
Wands
 m - a wand of acid (5/15)
 n - a wand of iceblast (5/15)
Scrolls
 k - 4 scrolls of blinking
 o - 3 scrolls of fog
Potions
 d - a potion of might
 e - a potion of curing
 g - 4 potions of heal wounds
 h - 4 potions of haste
 i - 2 potions of magic
 j - a potion of berserk rage
 l - a potion of resistance
Comestibles
 f - a bread ration


   Skills:
 + Level 4.8 Fighting
 * Level 2.7 Axes
 + Level 4.8 Armour
 + Level 5.0 Shields


You had 2 spell levels left.
You didn't know any spells.

Dungeon Overview and Level Annotations

Branches:
Dungeon (1/1)

Altars:
Cheibriados
Dithmenos
Fedhas
Gozag
Kikubaaqudgha
Makhleb
Okawaru
Qazlal
Ru
Sif Muna
Trog
Uskayaw
Xom
Zin
Beogh
Lugonu

Shops:
D *[%??*?*:[((


Innate Abilities, Weirdness & Mutations

You are under a permanent stasis effect.
You can dig through walls and to a lower floor.
Your four strong arms can wield two-handed weapons with a shield.
You have a pair of large antennae on your head. (SInv)


Message History

You closely miss the scorpion.
The scorpion stings you but does no damage.
You hit the scorpion.
The scorpion is lightly wounded.
You block the scorpion's attack. x2
You hit the scorpion but do no damage.
The scorpion is lightly wounded.
The scorpion barely misses you.
A worm comes into view.
You barely miss the scorpion.
The scorpion is lightly wounded.
The scorpion stings you.
You hit the scorpion.
The scorpion is moderately wounded.
The scorpion stings you.
* * * LOW HITPOINT WARNING * * *
You are lethally poisoned!
The scorpion poisons you! The scorpion stings you!
You die...
Your body crumbles into a pile of gold.

##.....## ##∩.....∩##
#∩.......∩# #_......._#
#_......._# #_......._#
###.........###
#⌠......s....⌠#
######.8w....@...8.###
##∩___......###......_.
###∩........8.# #.8......
#.............###........
⌠..........###..)###.....
⌠..........# #.<.# .....
⌠..........###...# ....
#.............###........
###∩........8.# .8......


You could see a worm and a scorpion.

Vanquished Creatures
  Jessica (D)
1 creature vanquished.

Notes
Turn   | Place    | Note
-------+----------+-------------------------------------------
     0 | D        | LORDOFBUTT the Formicid Fighter began the quest for the Orb.
     0 | D        | Reached XP level 1. HP: 18/18 MP: 1/1
     0 | D        | Found an opulent altar of Gozag.
     1 | D        | Found a stormy altar of Qazlal.
     1 | D        | Found a shadowy altar of Dithmenos.
     2 | D        | Found a hide-covered altar of Uskayaw.
     3 | D        | Found a shimmering altar of Xom.
     3 | D        | Found an iron altar of Okawaru.
     3 | D        | Found Raf Tepp's Premium Goods.
     3 | D        | Found Lanerch's Weapon Rack.
     4 | D        | Found Aruph's Miscellaneous Merchandise.
     4 | D        | Found Geyhac's Basic Armour.
     5 | D        | Round 1.
    10 | D        | Became a worshipper of Gozag Ym Sagoz the Greedy
    13 | D        | Found Liclu's Identification Station.
    15 | D        | Found Xewymema's Advanced Armour.
    15 | D        | Found Jenk's Jewellery.
    15 | D        | Found a blossoming altar of Fedhas.
    15 | D        | Found a snail-covered altar of Cheibriados.
    15 | D        | Found a burning altar of Makhleb.
    15 | D        | Found Kalu's Bee Food.
    21 | D        | Found a bloodstained altar of Trog.
    22 | D        | Found a sacrificial altar of Ru.
    23 | D        | Found an ancient bone altar of Kikubaaqudgha.
    24 | D        | Found Qachifoz's Magic Scroll Shop.
    25 | D        | Found a roughly hewn altar of Beogh.
    25 | D        | Found a deep blue altar of Sif Muna.
    25 | D        | Found a corrupted altar of Lugonu.
    25 | D        | Found Poigg's Staff Store.
    25 | D        | Found Tarisur's Magic Scroll Shop.
    25 | D        | Found Vopt's Must-Have Magic.
    29 | D        | Found a glowing silver altar of Zin.
    30 | D        | Noticed Jessica
    37 | D        | Killed Jessica
    37 | D        | Reached skill level 5 in Shields
    37 | D        | Reached XP level 2. HP: 12/26 MP: 2/2
    37 | D        | Reached XP level 3. HP: 14/32 MP: 3/3
    44 | D        | Noticed a scorpion
    51 | D        | Slain by a scorpion

Vault maps used:
D:        arena_sprint

Skill      XL: |  1 |
---------------+----+-----
Fighting       | 4 |  4.8
Armour         | 4 |  4.8
Shields        | 5 |  5.0
Axes           | |  2.7

Action                   || total
-------------------------++-------
Melee: War axe           ||    10
Armor: Scale mail        ||     3
Dodge: Dodged            ||     1
Block: Shield            ||     2
